Map: Terraform LE (Void)

Players

PinheadLarry (Astrea) - Winner!

  • Race: Protoss Protoss
  • League: Diamond

Tefel

  • Race: Zerg Zerg
  • League: Diamond

Event: ASL Season 5 Prime League LOTV Beta

VOD

Have the link to the VOD?

Description

Time

  • Played on: Sept. 5, 2015, 10:49 p.m.
  • Length: 15:52

All games in this series

Show
View Real Time Build Order
Export as new Build Order

PinheadLarry Protoss - Winner!

Build Orders:  

Get SALT Encoding   

  12  0:00  Probe (Chrono Boost)  
  13  0:10  Probe (Chrono Boost)  
  14  0:17  Pylon  
  14  0:20  Probe (Chrono Boost)  
  15  0:35  Gateway  
  15  0:36  Probe (Chrono Boost)  
  15  0:42  Assimilator  
  16  0:46  Probe (Chrono Boost)  
  17  0:56  Probe (Chrono Boost)  
  18  1:00  Pylon  
  18  1:06  Probe (Chrono Boost)  
  20  1:19  Gateway  
  20  1:22  Cybernetics Core  
  19  1:29  Gateway  
  19  1:31  Probe (Chrono Boost)  
  20  1:37  Assimilator  
  20  1:41  Probe (Chrono Boost)  
  21  1:51  Probe (Chrono Boost)  
  21  1:54  Warp Gate (Chrono Boost)  
  22  2:00  Adept  
  24  2:08  Adept  
  27  2:13  Mothership Core  
  28  2:19  Adept  
  30  2:27  Pylon  
  30  2:43  Probe  
  31  2:45  Adept x2  
  31  2:48  Adept  
  37  2:56  Pylon  
  37  2:59  Pylon  
  37  3:12  Pylon  
  37  3:20  Adept (Chrono Boost)  
  37  3:22  Adept x2 (Chrono Boost)  
  43  3:56  Stalker  
  43  3:57  Stalker x2  
  49  4:16  Stalker  
  49  4:21  Nexus  
  49  4:22  Stalker  
  49  4:29  Sentry  
  51  4:37  Sentry  
  51  4:41  Pylon  
  51  4:42  Probe  
  48  4:52  Stalker  
  50  4:53  Sentry  
  50  4:54  Probe  
  51  5:01  Adept  
  49  5:16  Stalker  
  49  5:19  Stalker  
  51  5:26  Stalker  
  46  5:29  Probe (Chrono Boost)  
  46  5:31  Pylon  
  46  5:34  Probe (Chrono Boost)  
  46  5:40  Probe (Chrono Boost)  
  45  5:45  Sentry x2, Probe (Chrono Boost)  
  50  5:50  Probe (Chrono Boost)  
  50  5:53  Forge  
  50  5:54  Forge  
  50  5:55  Probe (Chrono Boost)  
  52  6:00  Probe (Chrono Boost)  
  52  6:02  Sentry  
  55  6:05  Probe (Chrono Boost)  
  55  6:10  Probe (Chrono Boost)  
  55  6:11  Pylon  
  57  6:13  Pylon  
  57  6:15  Probe (Chrono Boost)  
  58  6:20  Sentry, Probe (Chrono Boost)  
  61  6:25  Probe (Chrono Boost)  
  62  6:34  Pylon  
  62  6:35  Pylon  
  62  6:40  Probe x2 (Chrono Boost)  
  62  6:46  Pylon, Protoss Ground Weapons Level 1 (Chrono Boost)  
  60  6:51  Probe x2 (Chrono Boost)  
  60  6:52  Assimilator x2  
  62  7:01  Probe (Chrono Boost)  
  62  7:02  Probe (Chrono Boost)  
  62  7:03  Robotics Facility  
  64  7:10  Probe (Chrono Boost)  
  64  7:12  Probe  
  66  7:18  Sentry  
  66  7:21  Probe  
  68  7:22  Pylon  
  68  7:24  Probe  
  68  7:26  Sentry  
  72  7:31  Probe  
  72  7:33  Photon Cannon  
  72  7:34  Zealot  
  72  7:35  Gateway  
  75  7:47  Zealot  
  75  7:50  Observer (Chrono Boost)  
  78  7:54  Twilight Council  
  78  7:56  Pylon  
  78  7:59  Nexus  
  78  8:02  Pylon  
  78  8:10  Immortal (Chrono Boost)  
  82  8:14  Probe  
  82  8:17  Probe  
  84  8:25  Probe  
  85  8:29  Probe, Photon Cannon, Blink (Chrono Boost)  
  85  8:33  Dark Shrine  
  86  8:35  Probe  
  86  8:41  Probe  
  88  8:45  Probe  
  89  8:48  Protoss Ground Weapons Level 2 (Chrono Boost)  
  89  8:53  Probe  
  88  8:56  Immortal (Chrono Boost)  
  92  9:06  Stalker  
  92  9:07  Stalker x2  
  98  9:18  Stalker, Assimilator  
  100  9:24  Pylon  
  100  9:26  Warp Prism  
  100  9:27  Pylon  
  100  9:36  Zealot  
  100  9:38  Zealot  
  106  9:45  Stalker x2  
  106  9:52  Gateway  
  110  9:54  Gateway  
  110  9:59  Stalker x2  
  114  10:00  Immortal  
  114  10:14  Stalker x2  
  118  10:24  Stalker  
  118  10:25  Stalker  
  122  10:41  Nexus  
  109  10:57  Pylon  
  109  10:58  Pylon  
  109  10:59  Protoss Ground Weapons Level 3 (Chrono Boost)  
  109  11:00  Pylon x2  
  109  11:18  Dark Templar x3  
  109  11:19  Dark Templar  
  117  11:42  Dark Templar  
  117  11:43  Dark Templar  
  121  11:54  Stalker x4  
  121  12:09  Immortal  
  121  12:13  Photon Cannon  
  125  12:20  Stalker  
  125  12:21  Stalker x5  
  137  12:34  Pylon x2  
  137  12:37  Assimilator  
  137  12:50  Nexus  
  137  12:51  Nexus  
  137  12:53  Sentry x2  
  137  12:54  Sentry, Stalker  
  137  12:56  Sentry  
  145  13:09  Pylon  
  145  13:19  Stalker x4  
  153  13:20  Stalker x2, Protoss Ground Armor Level 1  
  143  13:34  Warp Prism (Chrono Boost)  
  140  13:53  Photon Cannon  
  140  13:55  Pylon  
  140  13:58  Stalker x5  
  140  13:59  Sentry  
  152  14:09  Pylon  
  146  14:21  Stalker x2  
  146  14:22  Stalker x2  
  146  14:33  Pylon  
  146  14:38  Immortal (Chrono Boost)  
  146  14:42  Templar Archives, Assimilator  
  146  14:43  Assimilator  
  150  14:51  Dark Templar x3  
  156  15:00  Pylon  
  156  15:06  Zealot x3  
  162  15:11  Observer (Chrono Boost)  
  153  15:27  Dark Templar x2  
  153  15:28  Dark Templar, Zealot  
  155  15:29  Zealot  
  159  15:41  Gateway  
  157  15:42  Gateway  
Show
View Real Time Build Order
Export as new Build Order

Tefel Zerg 

Build Orders: Pool First 

Get SALT Encoding   

  12  0:00  Drone  
  13  0:08  Drone  
  14  0:17  Overlord  
  14  0:22  Extractor  
  14  0:23  Drone  
  17  0:35  Drone x2  
  17  0:45  Spawning Pool  
  17  0:48  Drone  
  17  0:54  Drone  
  18  1:10  Hatchery  
  17  1:13  Drone  
  17  1:17  Extractor  
  17  1:18  Drone  
  18  1:27  Drone  
  18  1:31  Queen  
  21  1:37  Drone  
  22  1:49  Overlord  
  22  2:00  Drone, Extractor  
  22  2:07  Queen  
  24  2:11  Drone  
  25  2:19  Metabolic Boost  
  25  2:23  Drone x2  
  27  2:33  Drone  
  27  2:34  Drone  
  27  2:35  Queen  
  31  2:38  Overlord  
  31  2:39  Drone x2  
  31  2:43  Zergling x2  
  34  2:44  Zergling x2  
  35  2:55  Zergling x2  
  35  2:56  Roach Warren  
  35  2:58  Zergling x2  
  36  3:07  Spine Crawler  
  36  3:08  Zergling x4  
  36  3:13  Zergling x4  
  36  3:19  Zergling x4  
  40  3:20  Zergling x2  
  40  3:26  Overlord  
  40  3:37  Roach  
  40  3:38  Roach x2  
  43  3:43  Zergling x2  
  43  3:44  Overlord  
  44  3:50  Roach  
  44  3:53  Roach  
  48  3:56  Roach  
  48  4:00  Ravager x2  
  52  4:06  Roach x2  
  55  4:12  Roach  
  55  4:14  Roach  
  57  4:19  Roach  
  57  4:22  Roach  
  60  4:29  Overlord  
  59  4:37  Zergling x6  
  60  4:40  Overlord  
  60  4:48  Roach  
  60  4:49  Roach  
  60  4:51  Roach  
  64  4:56  Roach  
  66  5:01  Zergling x4  
  65  5:14  Roach  
  65  5:15  Zergling x2  
  65  5:20  Zergling x4  
  62  5:25  Drone x2  
  63  5:29  Drone  
  62  5:44  Ravager x2  
  62  5:46  Ravager  
  62  5:47  Ravager  
  62  5:49  Drone x4  
  70  5:53  Zergling x2  
  71  6:02  Roach  
  71  6:04  Drone x3  
  74  6:05  Drone  
  76  6:11  Overlord  
  76  6:17  Overlord  
  76  6:30  Drone  
  76  6:35  Drone x4  
  74  6:47  Drone x4  
  74  6:49  Extractor  
  74  6:54  Queen  
  74  6:57  Drone x4  
  74  6:58  Lair  
  80  7:05  Hatchery  
  81  7:08  Drone x2  
  81  7:15  Evolution Chamber  
  80  7:16  Drone x2  
  80  7:22  Extractor  
  81  7:26  Overlord  
  81  7:27  Drone x2  
  83  7:34  Overlord x2  
  83  7:43  Zerg Missile Weapons Level 1  
  83  7:47  Drone x3  
  86  7:55  Drone  
  86  7:57  Overlord  
  87  8:00  Hydralisk Den  
  86  8:12  Roach x3  
  92  8:16  Glial Reconstitution, Roach x4  
  92  8:17  Overlord, Queen  
  102  8:20  Drone  
  103  8:30  Hydralisk x2  
  103  8:31  Hydralisk x2, Muscular Augments  
  111  8:35  Hydralisk  
  111  8:37  Hydralisk  
  115  8:41  Zergling x4  
  115  8:45  Hydralisk  
  115  8:47  Hydralisk  
  120  8:50  Hydralisk  
  120  9:02  Overlord x2  
  120  9:05  Overlord  
  120  9:06  Overlord  
  120  9:11  Overlord  
  120  9:19  Hydralisk  
  120  9:20  Hydralisk x4  
  120  9:21  Hydralisk  
  130  9:25  Hydralisk  
  130  9:27  Hydralisk  
  130  9:29  Zergling x2  
  130  9:30  Zergling x2  
  136  9:32  Zergling x4  
  136  9:34  Zergling x2  
  136  9:36  Hydralisk  
  142  9:38  Zergling x2  
  142  9:39  Zergling x2  
  142  9:40  Zergling x2  
  142  9:43  Hydralisk  
  146  9:46  Hydralisk  
  146  9:49  Hydralisk  
  146  9:51  Hydralisk  
  152  9:54  Hydralisk  
  154  10:05  Overlord x3  
  153  10:19  Hydralisk  
  152  10:24  Hydralisk x2  
  152  10:26  Hydralisk  
  152  10:27  Hydralisk x3  
  149  10:33  Hydralisk  
  126  10:37  Drone x3  
  126  10:38  Hydralisk  
  126  10:42  Zergling x4  
  125  10:44  Zergling x14  
  125  10:45  Zergling x2  
  120  10:50  Zergling x2  
  120  10:52  Hydralisk  
  120  10:54  Hydralisk  
  120  10:58  Extractor  
  120  10:59  Roach  
  120  11:00  Extractor  
  120  11:02  Drone x3  
  125  11:11  Roach x4  
  125  11:12  Roach x2  
  125  11:14  Roach  
  137  11:20  Roach x2  
  141  11:28  Roach  
  141  11:32  Zerg Ground Armor Level 1  
  143  11:36  Hatchery, Hydralisk  
  143  11:37  Zergling x4  
  143  11:39  Zergling x2  
  147  11:41  Overseer  
  147  11:44  Roach  
  143  11:47  Overseer  
  143  11:53  Roach  
  139  11:57  Roach  
  133  12:05  Drone x4  
  138  12:08  Roach  
  138  12:12  Hydralisk  
  138  12:15  Zergling x2  
  141  12:17  Zergling x2  
  141  12:19  Zergling x2  
  141  12:21  Hydralisk  
  145  12:23  Roach  
  145  12:28  Roach  
  145  12:29  Roach  
  146  12:33  Roach  
  148  12:44  Roach  
  149  12:48  Roach  
  150  12:53  Roach  
  152  13:05  Hydralisk  
  152  13:07  Zergling x12  
  152  13:08  Zergling x2  
  158  13:15  Hydralisk  
  158  13:19  Zergling x6  
  165  13:20  Overlord, Zergling x8  
  160  13:28  Hydralisk  
  160  13:31  Hydralisk  
  160  13:33  Zergling x2  
  165  13:37  Queen  
  165  13:38  Hydralisk, Queen  
  165  13:41  Drone x3  
  166  13:51  Hydralisk x2  
  166  13:53  Zergling x6  
  166  13:54  Zergling x6  
  166  13:55  Overlord  
  176  13:58  Overseer  
  176  14:02  Overlord  
  176  14:16  Hydralisk x2  
  177  14:19  Hydralisk  
  177  14:20  Hydralisk  
  177  14:23  Zergling x16  
  165  14:26  Hydralisk  
  165  14:31  Zergling x2  
  155  14:34  Hydralisk  
  155  14:36  Zergling x4  
  159  14:39  Zergling x2  
  159  14:44  Hydralisk x2  
  164  14:47  Hydralisk  
  164  14:49  Zergling x8  
  164  14:52  Zergling x4  
  172  14:53  Zergling x2  
  172  14:56  Hydralisk  
  172  14:59  Zergling x4  
  177  15:03  Zergling x4  
  177  15:04  Zergling x2  
  177  15:07  Zergling x4  
  177  15:09  Zergling x2  
  177  15:12  Zergling x2  
  170  15:15  Hydralisk  
  170  15:17  Zergling x4  
  170  15:18  Zergling x2  
  170  15:20  Zergling x2  
  165  15:21  Zergling x2  
  165  15:23  Zergling x2  
  165  15:26  Hydralisk  
  147  15:32  Zergling x4  
  147  15:33  Zergling x2  
Tags
 
Add a new tag
Caveats
  • Supply blocks, unpowered buildings, or Contaminate may cause inaccurate times.
  • Supply counts are checked every 10 seconds.